AoeStats
← MandrakePOE

Arabia

509220356Analyzed
1v1 RM · 5d ago on Sep 25, 2026· 55m 36s· 2 players
Game mode
Random Map
Map size
Tiny (2 player)
Population
200
Speed
Normal
Resources
Standard
Victory
Conquest
Starting age
Dark Age
Ending age
Imperial Age
RankedLock teamsTeams togetherTeam positionsShared explorationLock speedFull tech treeHidden civsTurbo modeCheats
Victory
Defeat
🇪🇸 Spanish · Spain
445
+13
🇬🇧 Byzantines · United Kingdom
385
-13
MandrakePOE
14:05 Feudal Age
12:21 Loom
17:37 Stone Mining
17:30 Horse Collar
17:42 Double-Bit Axe
21:23 Wheelbarrow
27:37 Castle Age
28:13 Fletching
28:32 Scale Barding Armor
28:38 Forging
28:29 Gold Mining
30:31 Heavy Plow
30:30 Bodkin Arrow
31:11 Iron Casting
30:57 Chain Barding Armor
31:27 Murder Holes
31:23 Guard Tower
31:54 Ballistics
31:46 Fortified Wall
32:18 Stone Shaft Mining
32:18 Gold Shaft Mining
32:11 Husbandry
36:04 Bow Saw
38:32 Imperial Age
36:18 Hand Cart
41:37 Conscription
43:11 Plate Barding Armor
42:37 Bracer
42:42 Arrowslits
43:32 Keep
43:58 Chemistry
45:44 Logistica
48:40 Bombard Tower
QuenelleBoy92
14:27 Feudal Age
14:49 Horse Collar
14:56 Double-Bit Axe
15:48 Wheelbarrow
24:45 Castle Age
23:04 Gold Mining
23:04 Stone Mining
26:43 Hand Cart
27:59 Bow Saw
28:11 Pikeman
28:11 Man-at-Arms
28:37 Gambesons
28:53 Squires
32:41 Imperial Age
30:21 Inquisition
31:05 Husbandry
31:17 Bloodlines
32:45 Stone Mining
33:00 Cavalier
35:24 Block Printing
35:21 Fervor
35:38 Illumination
35:15 Atonement
35:27 Redemption
35:39 Sanctity
35:34 Long Swordsman
39:09 Capped Ram
40:26 Elite Conquistador
42:44 Two-Man Saw
42:50 Ballistics
43:31 Chemistry
42:25 Fletching
42:35 Padded Archer Armor
42:31 Two-Handed Swordsman
44:56 Devotion
45:39 Theocracy
45:05 Paladin
49:35 Siege Ram
Connection lost

Rejoining the realm…

Still unreachable

The connection could not be restored.

Session expired

The server has moved on; the page needs a fresh start.